 Dungeon Crawl Stone Soup version 0.28.0-53-g5a82cb258f (webtiles) character file.

Game seed: 7530579336739214158

25 ILmort the Skirmisher (level 3, 0/33 HPs)
             Began as a Hill Orc Fighter on Aug 26, 2022.
             Slain by Sigmund
             ... wielding a +0 scythe
              (4 damage)
             ... on level 2 of the Dungeon.
             The game lasted 00:01:34 (954 turns).

ILmort the Skirmisher (Hill Orc Fighter)             Turns: 954, Time: 00:01:34

Health: 0/33       AC:  6    Str: 20    XL:     3   Next: 6%
Magic:  3/3        EV:  9    Int:  8    God:
Gold:   57         SH:  4    Dex: 10    Spells: 2/2 levels left

rFire   . . .      SeeInvis .   a - +0 war axe
rCold   . . .      Faith    .   c - +0 buckler
rNeg    . . .      Spirit   .   b - +0 scale mail
rPois   .          Reflect  .   (no helmet)
rElec   .          Harm     .   (no cloak)
rCorr   .          Rampage  .   (no gloves)
Will    .....                   (no boots)
Stlth   ..........              (no amulet)
HPRegen 0.11/turn               (no ring)
MPRegen 0.08/turn               (no ring)

@: no status effects
A: no striking features
a: no special abilities


You were on level 2 of the Dungeon.
You visited 1 branch of the dungeon, and saw 2 of its levels.

You collected 57 gold pieces.

Inventory:

Hand Weapons
 a - a +0 war axe (weapon)
Armour
 b - a +0 scale mail (worn)
 c - a +0 buckler (worn)
Jewellery
 h - a ring of wizardry
Scrolls
 e - a scroll of fear {unknown}
 g - 2 scrolls of identify {unknown}
Potions
 d - a potion of might
 f - a potion of curing {unknown}


   Skills:
 + Level 4.0 Fighting
 * Level 3.8 Axes
 + Level 3.6 Armour
 - Level 3.2 Shields


You had 2 spell levels left.
You didn't know any spells.
Your spell library was empty.

Dungeon Overview and Level Annotations

Branches:
Dungeon (2/15)

Altars:

Annotations:
D:2 Sigmund


Message History

You see here a bat corpse.
There is an escape hatch in the floor here.
Done exploring.
Done exploring.
There is an escape hatch in the floor here.
You slide downwards.
The hatch slams shut behind you.
Found a dagger.
You now have 57 gold pieces (gained 11).
You open the door.
There is an open door here.
You open the door.
Sigmund the Dreaded comes into view.
He is wielding a +0 scythe and wearing a +1 robe of willpower.
Sigmund shouts!
Sigmund hits you but does no damage.
There is an open door here.
You slash Sigmund! Sigmund hits you with a +0 scythe.
You barely miss Sigmund. You hit Sigmund.
Sigmund whispers, "You'll know eternity soon."
Sigmund hits you but does no damage.
You slash Sigmund! Sigmund hits you but does no damage.
You closely miss Sigmund. Sigmund hits you with a +0 scythe.
You closely miss Sigmund. Sigmund gestures at you while chanting.
You are confused.
You bump into the rock wall.
Sigmund hits you with a +0 scythe.
You bump into the rock wall.
Sigmund closely misses you.
Found a scroll labelled POUPSI HATOTA.
Sigmund says, "Look into my eyes."
Sigmund hits you but does no damage. Sigmund hits you with a +0 scythe.
You're too confused to move!
You feel less confused.
Sigmund mumbles some strange words.
Sigmund flickers and vanishes!
Deactivating autopickup; reactivate with Ctrl-A.
Something hits you!
* * * LOW HITPOINT WARNING * * *
You closely miss something. Something hits you.
You die...

........ .......
#....?#
#.....#+##
#.........
##.........
####..........
#.............
#....@..#.....
#...{...# ...
####'#..+ .
##.####...
###.....)...
#...........
#...........
######...........
#....'...........


There were no monsters in sight!

Vanquished Creatures
  A dart slug (D:1)
  A ball python (D:1)
  A bat (D:1)
  3 endoplasms (D:1)
  2 giant cockroaches (D:1)
  A goblin (D:1)
  A hobgoblin (D:1)
  3 jackals (D:1)
  2 quokkas (D:1)
  2 frilled lizards (D:1)
  A kobold (D:1)
  2 rats (D:1)
20 creatures vanquished.

Notes
Turn   | Place    | Note
-------+----------+-------------------------------------------
     0 | D:1      | ILmort the Hill Orc Fighter began the quest for the Orb.
     0 | D:1      | Reached XP level 1. HP: 19/19 MP: 1/1
   292 | D:1      | Found a faded altar of an unknown god.
   302 | D:1      | Reached XP level 2. HP: 27/27 MP: 2/2
   804 | D:1      | Reached skill level 4 in Fighting
   804 | D:1      | Reached XP level 3. HP: 33/33 MP: 3/3
   938 | D:2      | Noticed Sigmund
   954 | D:2      | Slain by Sigmund

Illustrated notes

Levels and vault maps discovered:
D:1:      saegor_arrival_under_anarchy, layout_basic,
          shapermc_ecumenical_altar_venn, minmay_misc_feat_pillars
D:2:      layout_basic, minmay_cupped, uniq_sigmund, uniq_natasha

Skill      XL: |  1  2 |
---------------+-------+-----
Axes           | 3 |  3.8
Fighting       | 4 |  4.0
Armour         | |  3.6
Shields        | |  3.2

Action                   || total
-------------------------++-------
Melee: War axe           ||    50
Armor: Scale mail        ||    24
Dodge: Dodged            ||    24
Block: Buckler           ||    10
